[Event "*** Titled Tuesday Blitz"]
[Site "Chess.com"]
[Date "2020.05.26"]
[Round "7"]
[White "IriBu"]
[Black "51616516516"]
[Result "0-1"]
[WhiteElo "2540"]
[BlackElo "2384"]
[TimeControl "180+1"]
[EndTime "11:22:04 PDT"]
[Termination "51616516516 won by resignation"]

1. e4 c5 2. Be2 Nc6 3. f4 g6 4. Nf3 Bg7 5. O-O Nf6 6. d3 d6 7.
c3 O-O 8. Kh1 Rb8 9. Be3 b5 10. a3 a5 11. Nbd2 b4 12. d4 bxc3 13. bxc3 cxd4 14. cxd4 d5 15. e5 Ne4 16. Rc1 Bb7 17.
Bd3 Nxd2 18. Qxd2 Qb6 19. f5 Ba6 20. Bxa6 Qxa6 21. Bh6 f6 22. e6 g5 23. Bxg7 Kxg7 24. Rfe1 Rfc8 25. Rc3 a4 26. Rec1 h6 27. h4 Na7 28.
Rc7 Rxc7 29. Rxc7 Rb7 30. Qc3 g4 31. Nd2 h5 32. Kh2 Nb5 33. Rxb7 Nxc3 34. Rxe7+ Kg8 35. Re8+ Kg7 36. Re7+ Kf8 37. Rf7+ Ke8 38. Rxf6 Qd6+ 39. Kh1 Qf4 40. Rg6 Qxd2 41. f6 Qe1+ 42. Kh2 g3+ 43. Kh3 Qxe6+ 44. Kxg3 Kf7 45. Rg5 Ne4+ 46. Kf4 Nxg5 47.
hxg5 Qe4+ 48. Kg3 Kg6 49. Kf2 Qxd4+ 50. Kf3 Qe5 51. g4 Qxg5 52. f7 hxg4+ 53. Kg3 Kxf7 54. Kg2 Qe3 55. Kf1 Qxa3 56. Kg2 Qb3 57. Kf2 a3 58. Kg2 a2 59. Kf2 a1=Q 60. Ke2 Qaa2+ 0-1

[Event "*** Titled Tuesday Blitz"]
[Site "Chess.com"]
[Date "2020.05.26"]
[Round "7"]
[White "chesslh19"]
[Black "AttilaTurzo"]
[Result "0-1"]
[WhiteElo "2162"]
[BlackElo "2435"]
[TimeControl "180+1"]
[EndTime "11:22:04 PDT"]
[Termination "AttilaTurzo won by resignation"]

1. e4 c5 2. Nf3 d6 3. d4 cxd4 4. Nxd4 Nf6 5. Nc3 a6 6. Be2 e5 7.
Nb3 Be7 8. O-O O-O 9. Be3 Be6 10. a4 Nbd7 11. Qd2 Nb6 12. a5 Nc4 13. Bxc4 Bxc4 14. Rfd1 Rc8 15. f3 Qc7 16. Nc1 Qc6 17. Nd3 Rfd8 18.
Nb4 Qd7 19. Bb6 Re8 20. b3 Be6 21. Nbd5 Nxd5 22. Nxd5 Bxd5 23. exd5 f5 24. c4 Bf6 25.
Rac1 e4 26. b4 exf3 27. gxf3 Qf7 28. c5 Qh5 29. Qg2 Bg5 30. Rc2 Bf4 31. Rf1 h6 32.
cxd6 Bxd6 33. Rxc8 Rxc8 34. f4 Bxb4 35. d6 Qf7 36. Kh1 Bxd6 37. Rd1 Bf8 38. Qd5 Qxd5+ 39. Rxd5 g6 40. Rd7 Rc4 41. Kg2 Rxf4 42. Rxb7 Rg4+ 43. Kf3 Rh4 44. Kg3 Bd6+ 45. Kf3 Rh3+ 46. Kg2 Rxh2+ 47. Kg1 Ra2 48. Ra7 Rxa5 49. Bxa5 Bc5+ 50. Kg2 Bxa7 51.
Kg3 Kf7 0-1

[Event "*** Titled Tuesday Blitz"]
[Site "Chess.com"]
[Date "2020.05.26"]
[Round "7"]
[White "mr65"]
[Black "Klavdia_Nik"]
[Result "1/2-1/2"]
[WhiteElo "2165"]
[BlackElo "2055"]
[TimeControl "180+1"]
[EndTime "11:22:05 PDT"]
[Termination "Game drawn - timeout vs insufficient material"]

1. e4 e5 2. Nf3 Nc6 3. Bb5 a6 4. Ba4 Nf6 5. O-O Be7 6. Re1 b5 7. Bb3 d6 8. c3 O-O 9. h3 Bb7 10. d4 h6 11. Nbd2 Re8 12. Nf1 Bf8 13. Ng3 Na5 14. Bc2 g6 15. a4 Nc4 16. b3 Nb6 17. a5 Nbd7 18. d5 c6 19. c4 cxd5 20. cxd5 Rc8 21. Be3 Nc5 22. Qd2 Kh7 23. b4 Ncd7 24.
Bd3 Ng8 25. Rec1 Qe7 26. Rxc8 Rxc8 27. Rc1 Qd8 28. Rxc8 Qxc8 29. Qc2 Qd8 30. Nd2 Qc8 31. f3 Qxc2 32. Bxc2 Be7 33. Nb3 Bh4 34. Ne2 Bg5 35. Bxg5 hxg5 36. Nc3 Ne7 37. Bd3 f5 38. Kf2 Kg7 39.
Nxb5 axb5 40. Bxb5 Nb8 41. Ba4 g4 42. hxg4 fxe4 43. fxe4 Kf6 44. b5 Kg5 45. a6 Nxa6 46.
bxa6 Bxa6 47. Bd7 Ng8 48. g3 Nf6 49. Be6 Nxg4+ 50. Bxg4 Kxg4 51. Na5 Bd3 52. Nb7 Bxe4 53. Nxd6 Bxd5 54. Ne8 Kf5 55. g4+ Kf4 56. Nf6 Bc6 57. Ke2 e4 58. Nh7 Kxg4 59. Nf8 g5 60.
Ne6 Kf5 61. Nd4+ 1/2-1/2

[Event "*** Titled Tuesday Blitz"]
[Site "Chess.com"]
[Date "2020.05.26"]
[Round "7"]
[White "eljanov"]
[Black "2346PL"]
[Result "1-0"]
[WhiteElo "2855"]
[BlackElo "2506"]
[TimeControl "180+1"]
[EndTime "11:22:08 PDT"]
[Termination "eljanov won on time"]

1. Nf3 d6 2. d4 f5 3. g3 Nf6 4. Bg2 g6 5. O-O Bg7 6. c4 O-O 7. Nc3 Qe8 8. Nd5 Nxd5 9. cxd5 Qb5 10. Ng5 h6 11. a4 Qa6 12. Ne6 Bxe6 13. dxe6 c6 14. b4 Qb6 15. Rb1 Qxd4 16. Qxd4 Bxd4 17. Bxh6 Bg7 18. Bg5 Bf6 19. Be3 d5 20. b5 Rd8 21.
Rfc1 cxb5 22. Rxb5 Nc6 23. Bxd5 a6 24. Rxb7 Rxd5 25.
Rxc6 Rd1+ 26. Kg2 Ra1 27. Rb4 Kg7 28. h4 a5 29. Rbc4 Rb8 30. Bg5 Rb4 31. Rc7 Raxa4 32. R4c6 Re4 33. e3 Ra2 34. Kf3 a4 35. Rxe7+ Bxe7 36. Bxe7 Rb2 37. Bg5 Rb8 38. Ra6 Re8 39. Ra7+ Kg8 40.
e7 Kf7 41. Ra6 Kg7 42. Ke2 Kf7 43. Ra5 Rc8 44. Kf3 Rb8 45. Kg2 Rc8 46. Ra6 Kg7 47.
Kf3 Rb8 48. Ra7 Re8 49. Rd7 Kf7 50. Ra7 Rc8 51. Ra6 Re8 52. Ra5 Rc8 53. h5 Re8 54. h6 1-0

[Event "*** Titled Tuesday Blitz"]
[Site "Chess.com"]
[Date "2020.05.26"]
[Round "7"]
[White "amiralfio"]
[Black "floplover"]
[Result "0-1"]
[WhiteElo "2397"]
[BlackElo "2249"]
[TimeControl "180+1"]
[EndTime "11:22:08 PDT"]
[Termination "floplover won by resignation"]

1. h3 Nf6 2. Nf3 d5 3. d4 e6 4.
c4 dxc4 5. Qa4+ Nbd7 6. Qxc4 a6 7. Qc2 b5 8. e4 Bb7 9. e5 Nd5 10. Be2 c5 11. dxc5 Bxc5 12. O-O Rc8 13. Qd1 Qc7 14.
a4 b4 15. Nbd2 Nxe5 16. Nb3 Nxf3+ 17. Bxf3 O-O 18. Nxc5 Qxc5 19. Bg5 h6 20. Rc1 Qa5 21. Rxc8 Rxc8 22. Bd2 Bc6 23. b3 Nc3 24. Bxc3 bxc3 25. Bxc6 Rxc6 26. Qc2 g6 27. Rc1 Qb4 28. g3 a5 29. Kg2 Qc5 30. h4 Qd4 31. Rd1 Qe5 32. Kh2 Rb6 33. Rd3 Rc6 34. Rd8+ Kg7 35. Rd3 h5 36. Re3 Qd4 37. Kg2 Qd5+ 38. Kh2 Qf5 39. Rd3 Kh7 40. Kg2 Rc7 41. Kg1 Qxd3 42. Qxd3 c2 43. Qb5 c1=Q+ 44. Kh2 Qc5 45. Qd3 Rb7 46. Qf3 Rd7 47. Kg2 Kg7 48. Kh2 Qf5 49. Qe3 Rd5 50.
Qa7 Rd3 51. Kg2 Rxb3 52. Qxa5 Qxa5 0-1

[Event "*** Titled Tuesday Blitz"]
[Site "Chess.com"]
[Date "2020.05.26"]
[Round "7"]
[White "CHESSMASTER759"]
[Black "SantoBlue"]
[Result "0-1"]
[WhiteElo "2649"]
[BlackElo "2796"]
[TimeControl "180+1"]
[EndTime "11:22:09 PDT"]
[Termination "SantoBlue won by checkmate"]

1. Nf3 Nf6 2. g3 b6 3. Bg2 Bb7 4. O-O e6 5. d4 Be7 6. c4 O-O 7. Nc3 Ne4 8. Qc2 Nxc3 9. Qxc3 Be4 10. b3 d6 11. Bb2 Nd7 12. Qe3 Nf6 13. Rfd1 Qc8 14. d5 e5 15. Rac1 a5 16. a3 Bg6 17.
b4 axb4 18. axb4 Ng4 19. Qd2 e4 20. Ne1 e3 21. fxe3 Bg5 22. Bd4 Re8 23. Bh3 h5 24. Ng2 Bf5 25. Bxg4 hxg4 26. Nf4 Be4 27. Ra1 Qf5 28. Rxa8 Rxa8 29. Ra1 Rxa1+ 30. Bxa1 Bxf4 31. exf4 b5 32. cxb5 Bxd5 33. Qd4 f6 34. Kf2 Qe6 35. Qe3 Be4 36. b6 cxb6 37. Qxb6 Qa2 38. Qd8+ Kh7 39. Bxf6 Qa7+ 40. Ke1 gxf6 41. Qxf6 d5 42. f5 Qg7 43. Qe6 Qh6 44. Qe7+ Kg8 45. f6 Qg6 46. Kd2 Qf7 47. Qd8+ Kh7 48. b5 Kg6 49. b6 d4 50. Qxd4 Bb7 51.
e4 Qa2+ 52. Ke3 Qb3+ 53. Kf4 Qf3+ 54. Ke5 Qxf6# 0-1

[Event "*** Titled Tuesday Blitz"]
[Site "Chess.com"]
[Date "2020.05.26"]
[Round "7"]
[White "Zakaryan_David"]
[Black "Kostya_Nikologorskiy"]
[Result "1-0"]
[WhiteElo "2531"]
[BlackElo "2706"]
[TimeControl "180+1"]
[EndTime "11:22:09 PDT"]
[Termination "Zakaryan_David won by resignation"]

1. e4 e6 2. d4 d5 3. Nc3 Bb4 4. e5 c5 5. a3 Bxc3+ 6. bxc3 Ne7 7. Qg4 Qc7 8. Qxg7 Rg8 9. Qxh7 cxd4 10. Ne2 Nbc6 11.
f4 Bd7 12. Qd3 dxc3 13. g3 d4 14. Rb1 Nd5 15. Bg2 O-O-O 16. Bxd5 exd5 17. Nxd4 Na5 18. Be3 Qc4 19. Qxc4+ Nxc4 20. Kf2 b6 21. Rb3 Kb7 22.
Rxc3 b5 23. Rb1 a6 24. a4 Rh8 25. h4 Ra8 26. axb5 a5 27. Nb3 Bf5 28. Nc5+ Kb8 29.
Na4 Kb7 30. Bd4 Nd2 31. Nc5+ Kb8 32. Ra1 Rh6 33. Na4 Ne4+ 34. Kf3 Nxc3 35. Nxc3 Bxc2 36. Nxd5 a4 37. Nb6 Ra5 38. Nd7+ Kc7 39. Nf6 Bb3 40. b6+ Kb7 41. Rc1 Rh8 42. Rc7+ Ka6 43. Nd7 Bd5+ 44.
Ke3 Kb5 45. Rc5+ Ka6 46. Rc7 a3 47. Bc3 a2 48. Ra7+ Kb5 49. Rxa5+ Kc6 50. Nf6 Be6 51.
Bd4 Rd8 52. f5 Bb3 53. h5 Bc4 54. h6 Kb7 55. h7 Bb3 56. Ra7+ Kc6 57. Ng8 Rxd4 58.
Kxd4 1-0

[Event "*** Titled Tuesday Blitz"]
[Site "Chess.com"]
[Date "2020.05.26"]
[Round "7"]
[White "OK97"]
[Black "ElliPaehtz"]
[Result "1-0"]
[WhiteElo "2773"]
[BlackElo "2489"]
[TimeControl "180+1"]
[EndTime "11:22:09 PDT"]
[Termination "OK97 won by resignation"]

1. e4 c5 2. Nf3 d6 3. d4 cxd4 4. Nxd4 Nf6 5. Nc3 a6 6. h4 e5 7.
Nb3 Be6 8. f4 b5 9. f5 Bc8 10.
g4 Bb7 11. Bg2 b4 12. Nd5 Nxd5 13. exd5 a5 14. Be3 Be7 15. g5 Qc8 16. Qd3 Nd7 17. a3 a4 18. Nd2 bxa3 19. Rxa3 Nc5 20. Qb5+ Qd7 21. Qxd7+ Nxd7 22. O-O f6 23. Rfa1 fxg5 24. hxg5 O-O 25. Rxa4 Rab8 26. Be4 h6 27. gxh6 Nf6 28.
hxg7 Rf7 29. Bh6 Ng4 30. Rb4 Nxh6 31. Ra7 Bg5 32. Nc4 Rxg7 33. Kf1 Ng4 34. Nxd6 Ba6+ 35.
Rxa6 Rxb4 36. Ra8+ Kh7 37. f6+ Rxe4 38. Nxe4 Bxf6 39.
d6 Bh4 40. Ke2 Nf6 41. Nc5 Nd7 42. Ne6 Rg6 43. Ra7 Rxe6 44. Rxd7+ Kg6 45. c4 Rf6 46. c5 Rf2+ 47. Kd3 Rxb2 48. c6 Rb8 49. c7 Rc8 50.
Ke4 Bf6 51. Kd5 Kf5 52. Rf7 e4 53. d7 Rxc7 54. Rxf6+ 1-0

[Event "*** Titled Tuesday Blitz"]
[Site "Chess.com"]
[Date "2020.05.26"]
[Round "7"]
[White "DinaBelenkaya"]
[Black "pooh2012"]
[Result "1-0"]
[WhiteElo "2262"]
[BlackElo "2426"]
[TimeControl "180+1"]
[EndTime "11:22:09 PDT"]
[Termination "DinaBelenkaya won by resignation"]

1. e4 e5 2. Nf3 Nc6 3. d4 exd4 4. Nxd4 Nf6 5. Nxc6 bxc6 6. Bd3 d5 7. exd5 cxd5 8. O-O Be7 9. c4 c6 10. Nc3 O-O 11. Bg5 d4 12. Ne2 c5 13. Ng3 Qb6 14. Rb1 h6 15. Bf4 Re8 16. Nf5 Bf8 17. Qf3 Bb7 18.
Qg3 Nh5 19. Qg4 Nxf4 20. Qxf4 Qc6 21. f3 Qf6 22. Rfe1 Re6 23. Qc7 Bc6 24. Rxe6 Qxe6 25. Rd1 Re8 26. Ng3 Qe3+ 27. Kf1 Ba4 28. b3 Re7 29. Qxc5 Bd7 30. Qd5 Be6 31. Qe4 Qg5 32. f4 f5 33. fxg5 fxe4 34. Bxe4 Rf7+ 35. Ke2 Bg4+ 36. Bf3 Re7+ 37. Kd3 Bxf3 38. gxf3 Re3+ 39. Kxd4 Rxf3 40. gxh6 gxh6 41. Re1 Rf2 42. Re2 Rf4+ 43. Kd5 Rf7 44. c5 Rd7+ 45. Ke6 Rd8 46. Rc2 Rc8 47.
c6 Rc7 48. a4 a5 49. Ne4 Bb4 50. Nf6+ Kh8 51. Nd7 Rc8 52. Kd5 Re8 53. c7 Rc8 54.
Kc6 Kg7 55. Kb7 Re8 56. c8=Q Rxc8 57. Kxc8 Kf7 58. Rc4 Ke6 59. Nb8 Kd5 60. Na6 Bd6 61.
Nc7+ Ke5 62. Ne8 Be7 63. Kd7 Kd5 64. Kxe7 1-0

[Event "*** Titled Tuesday Blitz"]
[Site "Chess.com"]
[Date "2020.05.26"]
[Round "7"]
[White "Parkas"]
[Black "latixxa"]
[Result "1-0"]
[WhiteElo "2292"]
[BlackElo "2119"]
[TimeControl "180+1"]
[EndTime "11:22:09 PDT"]
[Termination "Parkas won on time"]

1. e4 c5 2. Ne2 Nc6 3. Nbc3 d6 4. g3 g6 5. d4 cxd4 6. Nxd4 Bg7 7. Nde2 Nf6 8. Bg2 Be6 9. O-O O-O 10. Nf4 Bd7 11. h3 Rc8 12. Nfd5 Ne5 13. Be3 Nc4 14. Bxa7 Nxd5 15. Nxd5 Be6 16. b3 Bxa1 17. Qxa1 Ne5 18. c4 Bxd5 19. exd5 Ra8 20. Bd4 f6 21. f4 Nd7 22. h4 Nc5 23. h5 Nxb3 24. Qc3 Nxd4 25. Qxd4 Rxa2 26. Bh3 Ra6 27. Kh1 Qb6 28. Qe4 f5 29.
Qe6+ Kg7 30. Qxe7+ Rf7 31. h6+ Kg8 32. Qe8+ Rf8 33.
Qe6+ Rf7 34. Re1 Ra8 35. Bg2 Qc7 36. Bf1 Qd7 37. Qe3 Rd8 38. c5 dxc5 39. Bg2 Qd6 40. Qd3 b6 41. Qb5 Re7 42. Ra1 Kf8 43. Qb2 Kg8 44.
Rb1 Rb8 45. Kh2 Rf7 46. Re1 Qf6 47. Qb5 g5 48. Re6 Qc3 49. Qc6 gxf4 50. gxf4 Qe3 51.
Qd6 Qd2 52. Qxb8+ 1-0

[Event "*** Titled Tuesday Blitz"]
[Site "Chess.com"]
[Date "2020.05.26"]
[Round "7"]
[White "stolencandy13"]
[Black "Gabrielian_Artur"]
[Result "1-0"]
[WhiteElo "2581"]
[BlackElo "2736"]
[TimeControl "180+1"]
[EndTime "11:22:10 PDT"]
[Termination "stolencandy13 won by resignation"]

1. e4 c5 2. Nf3 d6 3. d4 cxd4 4.
Nxd4 Nf6 5. Nc3 Nc6 6. Bg5 e6 7. Qd2 a6 8. O-O-O Bd7 9. f3 Be7 10. h4 Nxd4 11. Qxd4 Qc7 12. g4 h5 13. gxh5 Nxh5 14.
Bxe7 Kxe7 15. Kb1 Qc5 16. Qxc5 dxc5 17. Rg1 g6 18. Rg2 Nf4 19. Rg4 Nh5 20. e5 Bc6 21. Ne4 Rad8 22. Re1 Bxe4 23. Rgxe4 Ng3 24. Rc4 Rd5 25. Bd3 Rh5 26. b4 cxb4 27. Rxb4 b5 28. a4 bxa4 29. Rxa4 a5 30. Rg4 Nf5 31. Ree4 Nh6 32.
Rg5 Rxg5 33. hxg5 Nf5 34. Kb2 Ng3 35. Re1 Nh5 36. Re4 Ng3 37. Re1 Rd4 38. Ra1 a4 39. Rg1 Nh5 40. Ra1 Nf4 41. Kc3 Rd5 42. Rxa4 Nxd3 43.
cxd3 Rxe5 44. Ra7+ Kf8 45. Ra8+ Kg7 46. f4 Rf5 47. Ra4 e5 48. fxe5 Rxe5 49. Rg4 Kf8 50. d4 Re1 51. Kc4 Ke7 52. Kd5 Kd7 53. Rf4 Ke7 54. Re4+ Rxe4 55. Kxe4 Ke6 56. d5+ Kd7 57. Ke5 Ke7 58. d6+ Kd7 59. Kd5 Kd8 60. Kd4 Ke8 61. Ke5 Kd8 62. Kf6 Ke8 63. Kg7 1-0

[Event "*** Titled Tuesday Blitz"]
[Site "Chess.com"]
[Date "2020.05.26"]
[Round "7"]
[White "Lubov_Gordyk"]
[Black "Anton_Demchenko"]
[Result "1-0"]
[WhiteElo "2624"]
[BlackElo "2820"]
[TimeControl "180+1"]
[EndTime "11:22:11 PDT"]
[Termination "Lubov_Gordyk won on time"]

1. e4 e5 2. Nf3 Nc6 3. Nc3 Nf6 4. d4 exd4 5. Nxd4 Bb4 6. Nxc6 bxc6 7. Bd3 O-O 8. O-O Re8 9. Qf3 Qe7 10. Bd2 Rb8 11.
Rfe1 d6 12. h3 Nd7 13. Qg3 Ne5 14. Rab1 Bd7 15. a3 Bc5 16. b4 Bb6 17. Be3 Kh8 18. f4 Nxd3 19. cxd3 f5 20. Qf2 Qf6 21. Rbc1 Qg6 22.
Kh2 h6 23. Bd4 Rbd8 24. Rcd1 Rf8 25. e5 Rde8 26. Bxb6 axb6 27. d4 Ra8 28. a4 Qf7 29. d5 cxd5 30. b5 dxe5 31. Rxe5 Be6 32. Rde1 Rfe8 33. Qd4 Kh7 34. R1e3 Rad8 35. Rg3 Bc8 36. Rge3 Rxe5 37. Rxe5 Bb7 38. g4 fxg4 39. hxg4 Rf8 40. Kg3 Qg6 41. f5 Qg5 42. Qf4 Qf6 43. Ne2 Ra8 44.
Re6 Qf7 45. Qd4 Re8 46. Nf4 Rxe6 47. fxe6 Qe7 48. Qe5 d4 49. Qxd4 Qa3+ 50. Kf2 Qe7 51. Kg3 Kg8 52. Qe5 Qa3+ 53. Kf2 Qa2+ 54. Ne2 Bc8 55.
e7 1-0

[Event "*** Titled Tuesday Blitz"]
[Site "Chess.com"]
[Date "2020.05.26"]
[Round "7"]
[White "KerryStead"]
[Black "czasnaszachy"]
[Result "0-1"]
[WhiteElo "2109"]
[BlackElo "2338"]
[TimeControl "180+1"]
[EndTime "11:22:12 PDT"]
[Termination "czasnaszachy won on time"]

1. d4 Nf6 2. f3 d5 3. e4 dxe4 4.
Nc3 exf3 5. Nxf3 Bg4 6. h3 Bh5 7. g4 Bg6 8. Ne5 e6 9. Bg5 Be7 10.
Nxg6 hxg6 11. Bg2 c6 12. O-O Nbd7 13. Qf3 O-O 14. Rae1 Nd5 15. Bxe7 Nxe7 16. Ne4 Nd5 17. c3 N7f6 18. h4 Nxe4 19. Rxe4 Qxh4 20. Re5 Qf6 21. Qe2 Qh4 22. c4 Nf6 23. Rf4 Qg3 24.
Qf2 Qxf2+ 25. Kxf2 Rfd8 26. Ke3 Rd7 27. g5 Ne8 28. Bh3 Rad8 29. b3 Nd6 30. Kd3 Nf5 31. Bxf5 gxf5 32. Kc3 b6 33. g6 f6 34. Rxe6 Rd6 35.
Rxd6 Rxd6 36. Rxf5 Kf8 37. b4 Ke7 38. c5 Re6 39.
Kd3 Re1 40. Rf2 Rg1 41. Re2+ Kd7 42. a4 Rxg6 43. b5 Rg3+ 44. Kc4 cxb5+ 45. axb5 Ra3 46. c6+ Kd6 47. Rg2 Ra4+ 48. Kd3 g5 49. Rf2 Ra3+ 50. Kc4 Ra4+ 51. Kc3 Kd5 0-1

[Event "*** Titled Tuesday Blitz"]
[Site "Chess.com"]
[Date "2020.05.26"]
[Round "7"]
[White "pedro_nascimento85"]
[Black "Srisshhhtea"]
[Result "0-1"]
[WhiteElo "1868"]
[BlackElo "2176"]
[TimeControl "180+1"]
[EndTime "11:22:12 PDT"]
[Termination "Srisshhhtea won on time"]

1. d4 Nf6 2. c4 c5 3. d5 b5 4. Qc2 g6 5. e4 d6 6. Bg5 Bg7 7. Nd2 O-O 8. Ngf3 Nbd7 9. h3 Qb6 10. Be2 Rb8 11. O-O a6 12. Rab1 e6 13. dxe6 fxe6 14. b3 Bb7 15. Rbd1 h6 16. Bf4 e5 17. Be3 Rfd8 18.
Ne1 g5 19. f3 Nf8 20. Nb1 Ne6 21. Nc3 Nd4 22. Bxd4 cxd4 23. Nd5 Bxd5 24. Nd3 Bb7 25.
cxb5 Rbc8 26. Qb1 axb5 27. Nb4 d5 28. exd5 Nxd5 29. Nxd5 Bxd5 30. Qd3 Re8 31. Qxb5 Qxb5 32. Bxb5 Bc6 33. Bc4+ Kf8 34. a4 Bxa4 35. Ra1 Bc6 36.
Ra7 Re7 37. Ra6 Rec7 38. Kh2 Ke7 39. Re1 Kd6 40. Rea1 Rb8 41. R1a5 Bf6 42. Rd5+ Ke7 43. Rc5 Rbc8 44. b4 Bd7 45. Rxc7 Rxc7 46. Bd5 Rc2 47.
Be4 Rb2 48. Ra7 Rxb4 49. Bc6 Kd6 50. Bxd7 Rb2 51. Bf5 Kc5 0-1

[Event "*** Titled Tuesday Blitz"]
[Site "Chess.com"]
[Date "2020.05.26"]
[Round "7"]
[White "IAgrest"]
[Black "Ashedu66"]
[Result "1-0"]
[WhiteElo "2269"]
[BlackElo "2160"]
[TimeControl "180+1"]
[EndTime "11:22:13 PDT"]
[Termination "IAgrest won on time"]

1. e4 e5 2. Nf3 Nc6 3. Bb5 Nge7 4. c3 g6 5. O-O Bg7 6. d4 exd4 7. cxd4 d5 8. Nc3 O-O 9. e5 Bg4 10. Be2 f6 11. h3 Bxf3 12. Bxf3 fxe5 13. dxe5 Nxe5 14. Bxd5+ Nxd5 15. Qxd5+ Qxd5 16. Nxd5 Rf7 17. Be3 c6 18. Nb4 Nc4 19. Bg5 Bxb2 20. Rab1 Bd4 21.
Nc2 Bb6 22. Rbd1 Re8 23. Nd4 Re4 24. Nf3 Re2 25. a4 Kg7 26. Bh4 h6 27. Bg3 g5 28.
Rfe1 Rfe7 29. Rxe2 Rxe2 30. Rd7+ Kf6 31. Rxb7 Nd2 32.
Nxd2 Rxd2 33. a5 Bxa5 34. Rxa7 Bb4 35. Ra6 Rc2 36. h4 Kf5 37. hxg5 hxg5 38. Ra8 c5 39. f3 c4 40. Rc8 c3 41. Bf2 Rc1+ 42. Kh2 Rf1 43. Be3 Bd6+ 44. g3 Be5 45. Kg2 Rb1 46. g4+ Ke6 47. Rc6+ Kd5 48. Rc8 Rb2+ 49. Kf1 Rb1+ 50. Ke2 Rb2+ 51. Kd3 Rb1 52. Bxg5 Rd1+ 53. Kc2 Rf1 54. f4 Bxf4 55. Bxf4 1-0

[Event "*** Titled Tuesday Blitz"]
[Site "Chess.com"]
[Date "2020.05.26"]
[Round "7"]
[White "kinga2008"]
[Black "AungTZ"]
[Result "0-1"]
[WhiteElo "2181"]
[BlackElo "2000"]
[TimeControl "180+1"]
[EndTime "11:22:13 PDT"]
[Termination "AungTZ won by checkmate"]

1. e4 c5 2. Nf3 Nc6 3. c3 Nf6 4. Bd3 d5 5. e5 Ng4 6. Qa4 Bd7 7. Qf4 g5 8. Qg3 Bg7 9. e6 Bxe6 10. Nxg5 Bd7 11. Bb5 e5 12. Bxc6 bxc6 13. d3 h6 14. Nf3 e4 15. dxe4 dxe4 16. h3 exf3 17. hxg4 fxg2 18.
Qxg2 Qe7+ 19. Be3 Rb8 20. b3 c4 21. b4 Rxb4 22. cxb4 Bxa1 23. O-O Bg7 24. Bc5 Qe6 25. Na3 Qxg4 26. Qxg4 Bxg4 27. Nxc4 a6 28. f3 Be6 29. Nd6+ Kd7 30. Rd1 Kc7 31. a3 h5 32. Rc1 h4 33.
Rc2 h3 34. Nc4 h2+ 35. Kh1 Bxc4 36. Rxc4 Be5 37. Re4 Bd6 38. Bxd6+ Kxd6 39. Rd4+ Ke5 40. Re4+ Kf5 41. Rc4 Rh6 42. Rc5+ Kf4 43. Rc3 Kg3 44. Rd3 Re6 45. f4+ Kxf4 46. Kxh2 Re2+ 47. Kg1 Ra2 48. Rd7 f5 49. Rd3 Ke4 50. Rc3 f4 51. Rxc6 Rxa3 52. Re6+ Kf3 53. Re8 Rb3 54. Rb8 a5 55. b5 a4 56. b6 a3 57. Ra8 Rb1+ 58. Kh2 Rb2+ 59. Kh3 a2 60. b7 Rxb7 61. Rxa2 Rh7# 0-1

[Event "*** Titled Tuesday Blitz"]
[Site "Chess.com"]
[Date "2020.05.26"]
[Round "7"]
[White "underdogchss"]
[Black "aNaartjieZA"]
[Result "0-1"]
[WhiteElo "2400"]
[BlackElo "2578"]
[TimeControl "180+1"]
[EndTime "11:22:14 PDT"]
[Termination "aNaartjieZA won on time"]

1. d4 Nf6 2. Nf3 c5 3. d5 d6 4. Nc3 e5 5. e4 Be7 6. Bb5+ Nbd7 7.
a4 a6 8. Be2 Nf8 9. Nd2 Ng6 10.
g3 h5 11. h4 Bg4 12. f3 Bd7 13. a5 Nf8 14. Nc4 Rb8 15. Nb6 Bc8 16. Be3 N6d7 17.
Nc4 Nf6 18. Na4 Bd7 19. Nc3 Ng8 20. Qd2 f5 21. Bg5 Nf6 22. Nxe5 dxe5 23. d6 Bc6 24. dxe7 Qxd2+ 25. Kxd2 Kxe7 26. exf5 Rd8+ 27. Ke1 Nh7 28. Be3 Nd7 29. Ne4 Rdf8 30. Nxc5 Rxf5 31. Nxd7 Bxd7 32.
Rf1 Bc6 33. Ra3 Nf6 34. Bc5+ Kd8 35. c4 Re8 36. b4 e4 37. f4 g6 38. Kf2 e3+ 39.
Rxe3 Ne4+ 40. Ke1 Nxc5 41. Rxe8+ Kxe8 42. bxc5 Rxc5 43. f5 gxf5 44. Bxh5+ Ke7 45. Bg6 Kf6 46. h5 Kg5 47. Rf4 Rxa5 48. Kd2 Rc5 49. Kd3 a5 50.
Kd4 b6 51. Rf2 Bd7 52. Bf7 Rc7 53. Rh2 Kh6 54. Bd5 Be8 55. Ke5 b5 56. cxb5 Rc5 57.
Kd6 Rxb5 58. Re2 Bxh5 59. Rh2 Kg5 60. Kc6 Rb4 61. Kc5 Rb8 62. Bc4 Bf3 63. Kd4 Be4 64. Rf2 Kg4 65. Be6 Rb5 0-1

[Event "*** Titled Tuesday Blitz"]
[Site "Chess.com"]
[Date "2020.05.26"]
[Round "7"]
[White "nurmiTV"]
[Black "Nathan_Filgueiras"]
[Result "1-0"]
[WhiteElo "2497"]
[BlackElo "2324"]
[TimeControl "180+1"]
[EndTime "11:22:15 PDT"]
[Termination "nurmiTV won on time"]

1. c4 e5 2. Nc3 Nf6 3. g3 d5 4. cxd5 Nxd5 5. Bg2 Nb6 6. Nf3 Nc6 7. O-O Be7 8. d3 O-O 9. a3 Be6 10. b4 a5 11. b5 Nd4 12. Nd2 Qc8 13. Bb2 a4 14. e3 Nb3 15. Nxb3 Bxb3 16. Qf3 Rb8 17.
Ne2 Bd5 18. e4 Bb3 19. Bxe5 Qd7 20. Rfc1 Rbc8 21. Nc3 Bc5 22. Nd5 Bd6 23. Bxd6 Qxd6 24.
Nxb6 cxb6 25. e5 Rxc1+ 26. Rxc1 Qxa3 27. Qf4 Qb2 28. Rc7 a3 29. Qc1 Qxc1+ 30. Rxc1 a2 31. Bxb7 Rd8 32. Be4 g6 33. f4 Kg7 34. Kf2 Rc8 35. Ra1 Rc2+ 36. Ke3 Rb2 37. d4 Rxh2 38. d5 Kf8 39. d6 Ke8 40. Kd4 Be6 41. Bc6+ Kd8 42.
Be4 Rh3 43. Bd5 Bxd5 44. Kxd5 Rh2 45. Kc6 Rb2 46. Kxb6 Kd7 47. Kc5 h5 48. Kb6 Kd8 49.
Ka6 Kd7 50. b6 Kc6 51. Ka7 Rxb6 52. Rxa2 Rb3 53. Rc2+ Kd7 54. Rc7+ Kd8 55. Rxf7 Rxg3 56. Kb6 Rf3 57. e6 Ke8 58. d7+ 1-0

[Event "*** Titled Tuesday Blitz"]
[Site "Chess.com"]
[Date "2020.05.26"]
[Round "7"]
[White "MikeSailer"]
[Black "Antelacus"]
[Result "1-0"]
[WhiteElo "2093"]
[BlackElo "2234"]
[TimeControl "180+1"]
[EndTime "11:22:16 PDT"]
[Termination "MikeSailer won by resignation"]

1. d4 Nf6 2. Nf3 e6 3. Bf4 b6 4. e3 Bb7 5. Bd3 c5 6. c3 Be7 7. O-O O-O 8. Nbd2 Nc6 9. h3 d5 10. a3 Qc8 11. b4 cxb4 12. cxb4 a5 13. b5 Na7 14. Rc1 Qe8 15. Rc7 Bc8 16. Qb3 Bd7 17.
Rfc1 Nc8 18. g4 Nd6 19. a4 Rc8 20. Ne5 Rxc7 21. Rxc7 Qd8 22. Qc2 h6 23. h4 Be8 24.
Ra7 Nfe4 25. Nxe4 dxe4 26. Bxe4 Nxe4 27. Qxe4 Bxh4 28. Ra8 Qe7 29. Rb8 Qb4 30. Qa8 Qe1+ 31. Kg2 Qxf2+ 32. Kh3 Bg5 33. Rxe8 Qf1+ 34. Kg3 Qg1+ 35.
Kh3 Qf1+ 36. Kh2 Bxf4+ 37. exf4 Qxf4+ 38. Kh3 Rxe8 39. Qxe8+ Kh7 40. Qxf7 Qxf7 41. Nxf7 Kg6 42. Nd8 Kf6 43. Nc6 Kg5 44. Nxa5 bxa5 45. b6 h5 46. gxh5 Kf4 47. b7 Ke4 48. b8=Q Kxd4 49. Qc7 e5 50. Qxa5 e4 51. Qb5 e3 52. a5 Ke4 53. a6 Kf3 54. Qf1+ Ke4 55. Qe2 Kf4 56. a7 1-0

[Event "*** Titled Tuesday Blitz"]
[Site "Chess.com"]
[Date "2020.05.26"]
[Round "7"]
[White "iLuusions"]
[Black "Gerasimenyuk_Miha"]
[Result "1-0"]
[WhiteElo "2573"]
[BlackElo "2398"]
[TimeControl "180+1"]
[EndTime "11:22:17 PDT"]
[Termination "iLuusions won on time"]

1. d4 d6 2. Nf3 Nf6 3. c4 Bg4 4.
Qd3 Bxf3 5. Qxf3 c6 6. Nc3 g6 7. e4 Nbd7 8. Bg5 Bg7 9. Be2 Qb6 10. O-O-O Qa5 11. Be3 O-O 12. Kb1 b5 13. cxb5 cxb5 14. Bd3 b4 15. Ne2 Rac8 16. Nc1 e5 17. Nb3 Qa4 18.
Qe2 a6 19. d5 Nc5 20. Bxc5 dxc5 21. Bc4 Qd7 22. Bxa6 Ra8 23. Bc4 Qd6 24. f3 Ra7 25. Qe3 Nd7 26. Bb5 Rfa8 27. Bxd7 Qxd7 28. Qxc5 Rxa2 29.
Qc6 Qa7 30. d6 Rxb2+ 31. Kxb2 Qa2+ 32. Kc1 Bh6+ 33. Nd2 Qa1+ 34. Kc2 Ra2+ 35. Kb3 Qb2+ 36. Kc4 Qc3+ 37. Kb5 Ra5+ 38. Kxa5 Qxc6 39. Nb3 Be3 40. Kxb4 Qb6+ 41. Kc3 Qc6+ 42. Kb2 Qd7 43. Rd3 Bb6 44.
Rc1 Kg7 45. Rd5 h5 46. Rc4 h4 47. h3 g5 48. Nc5 Qb5+ 49. Kc3 Ba5+ 50. Kd3 Qb1+ 51.
Rc2 Qb5+ 52. Ke3 Qf1 53. d7 Qe1+ 54. Kd3 Qd1+ 55. Kc4 Qxc2+ 56. Kb5 1-0